AoeStats
← Natamoko

Lombardia

509951501Analyzed
2v2 RM · 3d ago on Sep 28, 2026· 42m 28s· 4 players
Game mode
Random Map
Map size
Medium (4 player)
Population
200
Speed
Normal
Resources
Standard
Victory
Conquest
Starting age
Dark Age
Ending age
Imperial Age
RankedLock teamsTeams togetherTeam positionsShared explorationLock speedFull tech treeHidden civsTurbo modeCheats
Victory
Defeat
🇪🇸 Franks · Spain
925
+14
🇪🇸 Spanish · Spain
909
+15
🇦🇷 Burgundians · Argentina
889
-14
🇦🇷 Ethiopians · Argentina
888
-15
LittleMeatBoy
9:40 Feudal Age
10:00 Double-Bit Axe
15:40 Forging
15:21 Horse Collar
20:24 Castle Age
20:33 Scale Mail Armor
24:09 Fletching
24:20 Padded Archer Armor
24:55 Elite Skirmisher
27:13 Bodkin Arrow
39:39 Imperial Age
sweetsean
8:24 Loom
10:21 Feudal Age
13:08 Double-Bit Axe
16:50 Gold Mining
19:18 Fletching
23:27 Castle Age
23:17 Forging
23:48 Crossbowman
25:17 Bodkin Arrow
27:18 Wheelbarrow
30:42 Bow Saw
30:56 Hand Cart
31:21 Thumb Ring
34:02 Stone Mining
38:17 Ballistics
37:55 Murder Holes
Dieguetón
11:06 Feudal Age
11:33 Loom
15:10 Man-at-Arms
18:40 Double-Bit Axe
22:57 Castle Age
24:00 Husbandry
25:34 Bow Saw
27:01 Forging
27:28 Long Swordsman
29:43 Iron Casting
32:37 Scale Barding Armor
32:36 Fletching
34:55 Chain Barding Armor
Natamoko
8:58 Loom
10:49 Feudal Age
9:12 Loom
10:57 Feudal Age
13:23 Double-Bit Axe
16:24 Castle Age
15:01 Horse Collar
16:18 Man-at-Arms
25:26 Wheelbarrow
26:54 Wheelbarrow
26:23 Scale Mail Armor
26:34 Forging
26:31 Scale Barding Armor
29:54 Hand Cart
34:15 Ballistics
33:51 Murder Holes
34:32 Chain Barding Armor
34:22 Forging
34:03 Fletching
34:14 Padded Archer Armor
37:16 Masonry
40:00 Imperial Age
41:29 Supremacy
41:38 Conscription
42:21 Cavalier
Connection lost

Rejoining the realm…

Still unreachable

The connection could not be restored.

Session expired

The server has moved on; the page needs a fresh start.